AoeStats
← El Fantasma de Pancho Villa

Arabia

510219667Analyzed
4v4 RM · 1d ago on Sep 30, 2026· 30m 45s· 8 players
Game mode
Random Map
Map size
Large (8 player)
Population
200
Speed
Normal
Resources
Standard
Victory
Conquest
Starting age
Dark Age
Ending age
Imperial Age
RankedLock teamsTeams togetherTeam positionsShared explorationLock speedFull tech treeHidden civsTurbo modeCheats
Victory
Defeat
🇺🇸 Teutons · United States
1162
+13
🇧🇷 Shu · Brazil
1131
+15
🇦🇷 Byzantines · Argentina
1131
+14
🇺🇸 Dravidians · United States
1127
+14
🇺🇾 Magyars · Uruguay
1290
-21
🇦🇷 Teutons · Argentina
1221
-18
🇺🇾 Varangians · Uruguay
979
-10
🇦🇷 Turks · Argentina
887
-7
[SotC] Tupamaro
6:41 Loom
9:08 Feudal Age
10:24 Double-Bit Axe
10:20 Horse Collar
20:35 Scale Barding Armor
23:22 Castle Age
22:26 Bloodlines
22:11 Gold Mining
24:38 Chain Barding Armor
23:41 Light Cavalry
28:09 Gold Shaft Mining
27:25 Stone Mining
27:46 Bow Saw
27:37 Heavy Plow
28:13 Wheelbarrow
29:44 Husbandry
BoxStars
7:05 Loom
9:28 Feudal Age
14:42 Fletching
24:05 Double-Bit Axe
29:30 Castle Age
27:24 Horse Collar
CM_Sietededos
7:23 Loom
9:53 Feudal Age
10:23 Double-Bit Axe
13:27 Town Watch
15:35 Fletching
17:08 Padded Archer Armor
27:41 Castle Age
maloni12
7:09 Loom
11:04 Feudal Age
11:55 Double-Bit Axe
17:03 Horse Collar
20:27 Gold Mining
26:07 Castle Age
26:17 Bloodlines
26:55 Stone Mining
28:13 Scale Barding Armor
29:42 Forging
31:16 Iron Casting
Microsoft_edger
11:26 Feudal Age
11:37 Feudal Age
9:55 Loom
11:41 Feudal Age
14:24 Double-Bit Axe
14:22 Horse Collar
16:55 Castle Age
20:18 Bow Saw
20:46 Fletching
20:56 Padded Archer Armor
23:23 Wheelbarrow
30:40 Bodkin Arrow
31:11 Ballistics
El Fantasma de Pancho Villa
6:00 Loom
9:35 Feudal Age
13:51 Double-Bit Axe
16:58 Wheelbarrow
23:40 Castle Age
23:30 Bloodlines
23:55 Forging
23:50 Scale Barding Armor
25:25 Iron Casting
24:54 Gold Mining
25:08 Horse Collar
26:00 Chain Barding Armor
27:42 Hand Cart
29:56 Bow Saw
Sharito♿
7:31 Loom
9:51 Feudal Age
11:40 Double-Bit Axe
15:05 Fletching
19:22 Wheelbarrow
23:03 Castle Age
21:32 Gold Mining
22:57 Padded Archer Armor
23:58 Bodkin Arrow
23:27 Crossbowman
24:28 Thumb Ring
26:14 Leather Archer Armor
27:16 Ballistics
28:14 Horse Collar
K
2:22 Loom
9:47 Feudal Age
21:24 Fletching
24:55 Wheelbarrow
25:08 Padded Archer Armor
31:28 Castle Age
30:23 Double-Bit Axe
Connection lost

Rejoining the realm…

Still unreachable

The connection could not be restored.

Session expired

The server has moved on; the page needs a fresh start.